AoeStats
← SullyMuffinMan

Arena

504530685Analyzed
1v1 RM · 27d ago on Sep 5, 2026· 42m 32s· 2 players
Game mode
Random Map
Map size
Tiny (2 player)
Population
200
Speed
Normal
Resources
Standard
Victory
Conquest
Starting age
Dark Age
Ending age
Imperial Age
RankedLock teamsTeams togetherTeam positionsShared explorationLock speedFull tech treeHidden civsTurbo modeCheats
Victory
Defeat
🇲🇽 Poles · Mexico
802
+17
🇺🇸 Goths · United States
813
-44
queenatico
3:09 Loom
10:27 Feudal Age
14:57 Castle Age
15:36 Double-Bit Axe
15:35 Horse Collar
16:22 Heavy Plow
16:39 Stone Mining
19:08 Stone Shaft Mining
20:26 Wheelbarrow
21:21 Bow Saw
24:22 Szlachta Privileges
26:19 Forging
26:16 Scale Barding Armor
28:09 Iron Casting
28:22 Hand Cart
29:16 Bloodlines
32:12 Gold Mining
35:29 Imperial Age
36:38 Conscription
36:48 Cavalier
37:32 Husbandry
37:56 Chain Barding Armor
40:44 Scale Mail Armor
42:15 Elite Obuch
SullyMuffinMan
11:52 Feudal Age
13:42 Man-at-Arms
14:16 Double-Bit Axe
14:16 Horse Collar
16:25 Wheelbarrow
21:18 Forging
21:10 Scale Mail Armor
21:10 Fletching
22:40 Bloodlines
23:23 Gold Mining
23:53 Town Watch
26:48 Castle Age
27:47 Hand Cart
27:05 Long Swordsman
27:06 Pikeman
28:49 Iron Casting
29:07 Loom
29:56 Squires
30:39 Chain Mail Armor
32:53 Bodkin Arrow
33:03 Padded Archer Armor
35:20 Town Patrol
35:49 Ballistics
35:29 Murder Holes
35:46 Masonry
42:42 Imperial Age
40:53 Bow Saw
40:37 Stone Mining
Connection lost

Rejoining the realm…

Still unreachable

The connection could not be restored.

Session expired

The server has moved on; the page needs a fresh start.